Map: Goldenaura LE

Players

QuantumNoobs

  • Race: Zerg Zerg
  • Spawn Location: 12:00

jinglebells - Winner!

  • Race: Protoss Protoss
  • League: Diamond
  • Spawn Location: 5:00

VOD

Have the link to the VOD?

Description

should of waited for a few more units for the push and FUCK ARCHONS they can suck a fat one

Time

  • Played on: Feb. 25, 2024, 9:33 p.m.
  • Length: 11:00
Show
View Real Time Build Order
Export as new Build Order

QuantumNoobs Zerg 

Build Orders: Hatch First, Roach Hydra 

Get SALT Encoding   

  12  0:00  Drone  
  13  0:13  Overlord  
  13  0:17  Drone  
  14  0:21  Extractor  
  14  0:23  Drone  
  15  0:47  Hatchery  
  14  0:50  Drone  
  14  0:54  Drone  
  16  0:59  Drone  
  16  1:01  Drone  
  18  1:16  Extractor  
  17  1:20  Spawning Pool  
  17  1:22  Drone  
  17  1:33  Drone  
  18  1:48  Drone  
  18  1:51  Hatchery  
  18  1:54  Drone  
  18  1:59  Overlord  
  19  2:07  Zergling x2  
  20  2:15  Queen  
  22  2:25  Queen  
  22  2:28  Zergling x2  
  25  2:31  Zergling x2  
  26  2:37  Metabolic Boost  
  26  2:50  Drone x3  
  26  2:51  Drone  
  30  2:57  Overlord  
  30  2:59  Drone  
  31  3:11  Zergling x6  
  34  3:15  Queen  
  36  3:22  Extractor  
  36  3:24  Drone  
  36  3:25  Drone x3  
  39  3:31  Drone  
  39  3:32  Drone  
  39  3:33  Drone  
  42  3:37  Drone  
  43  3:43  Drone x2  
  45  3:50  Roach Warren  
  45  3:51  Drone  
  45  3:57  Spore Crawler  
  45  3:58  Spore Crawler  
  45  4:01  Drone  
  44  4:07  Drone  
  44  4:08  Drone x2  
  47  4:10  Drone  
  47  4:16  Lair  
  48  4:26  Drone  
  48  4:27  Drone x2, Spore Crawler  
  48  4:30  Overlord  
  50  4:49  Hatchery  
  47  4:53  Roach  
  47  4:54  Roach x4  
  57  5:04  Overlord  
  57  5:05  Extractor, Evolution Chamber  
  57  5:06  Evolution Chamber  
  54  5:12  Roach  
  54  5:13  Roach  
  58  5:21  Overlord  
  58  5:22  Overlord  
  58  5:23  Glial Reconstitution  
  58  5:25  Drone x2  
  58  5:26  Drone  
  61  5:29  Drone  
  58  5:42  Roach x4  
  65  5:49  Drone x2, Hydralisk Den  
  66  5:53  Drone x2  
  66  5:55  Drone  
  69  5:58  Drone  
  69  5:59  Drone  
  69  6:02  Drone  
  72  6:10  Roach  
  72  6:11  Drone, Roach  
  76  6:12  Drone  
  78  6:19  Muscular Augments  
  78  6:22  Roach  
  78  6:23  Roach  
  81  6:26  Hydralisk  
  81  6:29  Drone  
  81  6:30  Drone x2  
  85  6:35  Roach  
  85  6:46  Ravager  
  85  6:47  Ravager x2  
  88  6:48  Overlord  
  88  6:49  Overlord x3  
  88  6:53  Overlord  
  82  6:58  Roach x2  
  82  6:59  Hydralisk, Roach x3  
  87  7:03  Drone x2  
  87  7:07  Roach  
  85  7:10  Hydralisk  
  85  7:17  Drone x6  
  91  7:29  Hydralisk x3  
  93  7:31  Grooved Spines  
  93  7:33  Zergling x2  
  93  7:35  Spore Crawler  
  93  7:36  Roach  
  99  7:37  Roach  
  101  7:46  Spire  
  101  7:48  Drone  
  101  7:49  Drone x4  
  101  7:50  Drone  
  106  7:52  Extractor  
  106  7:53  Extractor  
  106  7:54  Zerg Missile Weapons Level 1  
  104  7:58  Zergling x2  
  104  7:59  Zergling x6  
  108  8:09  Hydralisk x3  
  87  8:31  Hydralisk  
  87  8:32  Hydralisk x3  
  81  8:34  Overlord  
  81  8:35  Zergling x12  
  88  8:41  Drone  
  88  8:43  Overlord x2  
  88  8:44  Extractor  
  88  8:47  Zerg Ground Armor Level 1  
  87  8:48  Zergling x2  
  87  8:49  Zergling x2  
  87  8:51  Hatchery  
  87  8:54  Hydralisk x2  
  92  8:58  Roach x2  
  96  9:04  Baneling Nest  
  96  9:05  Drone x2, Extractor  
  96  9:13  Drone x4  
  100  9:24  Hydralisk x2  
  100  9:25  Hydralisk x2  
  100  9:27  Roach x2  
  112  9:31  Hydralisk  
  112  9:36  Roach x3  
  112  9:37  Roach x3  
  126  9:43  Infestation Pit  
  126  9:44  Hydralisk  
  126  9:45  Hydralisk  
  129  9:52  Baneling x5  
  129  9:53  Baneling  
  129  9:55  Baneling  
  129  9:57  Roach  
  129  9:58  Roach  
  133  10:06  Roach x3  
  115  10:23  Hydralisk x3  
  115  10:24  Hydralisk  
  93  10:41  Zergling x10  
Show
View Real Time Build Order
Export as new Build Order

jinglebells Protoss - Winner!

Build Orders: 1 Gate Expand, Oracle Opening, Zealot Archon 

Get SALT Encoding   

  12  0:00  Probe  
  13  0:12  Probe  
  14  0:19  Pylon  
  14  0:24  Probe  
  15  0:37  Gateway  
  15  0:40  Probe (Chrono Boost)  
  17  0:50  Probe (Chrono Boost)  
  17  0:53  Assimilator  
  17  0:56  Probe  
  18  1:08  Probe  
  19  1:20  Probe  
  20  1:30  Nexus  
  20  1:42  Cybernetics Core  
  20  1:45  Probe  
  21  1:52  Pylon  
  21  1:58  Probe  
  21  2:00  Assimilator  
  22  2:10  Probe  
  23  2:16  Adept (Chrono Boost)  
  25  2:23  Stargate  
  25  2:27  Probe  
  26  2:39  Probe  
  26  2:40  Adept  
  29  2:45  Probe  
  29  2:50  Gateway  
  30  2:56  Probe  
  30  2:58  Probe  
  32  3:08  Probe  
  32  3:10  Probe  
  32  3:12  Oracle (Chrono Boost)  
  37  3:20  Probe  
  37  3:24  Probe  
  39  3:32  Probe  
  40  3:37  Pylon  
  41  3:42  Oracle (Chrono Boost)  
  41  3:44  Probe  
  44  3:53  Nexus  
  44  4:00  Shield Battery  
  44  4:02  Probe x2  
  46  4:09  Twilight Council  
  46  4:14  Probe  
  46  4:16  Oracle (Chrono Boost)  
  47  4:19  Pylon  
  47  4:20  Probe  
  51  4:26  Probe  
  52  4:33  Probe  
  52  4:38  Robotics Facility, Probe  
  54  4:43  Forge  
  54  4:45  Probe  
  54  4:50  Probe  
  56  4:57  Probe  
  56  4:59  Charge (Chrono Boost)  
  57  5:02  Probe (Chrono Boost)  
  57  5:06  Probe (Chrono Boost)  
  59  5:07  Assimilator  
  59  5:10  Probe (Chrono Boost)  
  59  5:11  Assimilator  
  60  5:14  Probe (Chrono Boost)  
  60  5:20  Protoss Ground Weapons Level 1  
  63  5:21  Probe (Chrono Boost)  
  63  5:22  Probe (Chrono Boost)  
  63  5:23  Probe (Chrono Boost)  
  63  5:25  Gateway  
  63  5:26  Probe (Chrono Boost)  
  63  5:27  Gateway  
  65  5:28  Probe  
  65  5:29  Probe  
  67  5:36  Probe  
  67  5:40  Probe, Warp Gate (Chrono Boost)  
  67  5:41  Probe  
  70  5:48  Probe  
  71  5:53  Probe x2  
  71  5:54  Gateway  
  71  5:55  Gateway  
  73  5:58  Gateway, Immortal  
  77  6:10  Pylon  
  77  6:13  Pylon  
  77  6:16  Pylon  
  77  6:19  Pylon  
  77  6:28  Assimilator, Probe x3  
  77  6:30  Assimilator  
  77  6:32  Templar Archives  
  75  6:40  Probe x2  
  75  6:51  Immortal  
  76  7:07  Probe x3  
  79  7:13  Gateway  
  79  7:15  Gateway  
  79  7:17  High Templar x5, Gateway  
  79  7:18  Zealot x2  
  79  7:19  Gateway, Probe  
  79  7:21  Gateway  
  94  7:27  Archon x2  
  94  7:28  Gateway  
  94  7:30  Gateway  
  94  7:31  Probe  
  94  7:32  Gateway  
  94  7:33  Gateway  
  95  7:45  Immortal  
  95  7:47  Zealot  
  95  7:48  Zealot  
  103  7:53  Protoss Ground Armor Level 1 (Chrono Boost)  
  103  7:55  Pylon  
  103  7:57  Pylon  
  103  7:59  Pylon  
  103  8:00  Pylon x2  
  103  8:04  Pylon  
  103  8:05  Zealot, Pylon  
  105  8:09  Zealot x2  
  101  8:26  High Templar x5  
  102  8:27  Zealot x5  
  109  8:35  Archon x2  
  109  8:37  High Templar, Zealot x2  
  109  8:38  Zealot  
  109  8:40  Warp Prism (Chrono Boost)  
  119  8:49  Photon Cannon  
  119  8:50  Zealot  
  119  8:51  Zealot x2, Archon  
  125  9:00  Zealot  
  125  9:01  Zealot x3  
  125  9:02  High Templar  
  135  9:03  High Templar  
  135  9:04  High Templar  
  135  9:09  Observer (Chrono Boost)  
  140  9:12  Archon  
  140  9:35  Zealot x2  
  140  9:36  Zealot x10  
  164  9:40  Pylon  
  164  9:42  Archon  
  164  9:44  Pylon  
  164  10:09  High Templar x7  
  164  10:10  Zealot  
  178  10:14  Archon x3  
  178  10:15  Zealot x3  
  178  10:16  Zealot x5  
  145  10:31  Zealot  
  136  10:36  Zealot x6  
  136  10:41  Zealot  
  136  10:42  High Templar x3  
  148  10:43  Zealot x4  
Tags
 
Add a new tag
Caveats
  • Supply blocks, unpowered buildings, or Contaminate may cause inaccurate times.
  • Supply counts are checked every 10 seconds.